 Dungeon Crawl Stone Soup version 0.20.1-1-g8b1a95d (webtiles) character file.

6316 letownia the Thaumaturge (level 10, -6/84 HPs)
             Began as a Deep Dwarf Necromancer on Oct 25, 2017.
             Was an Initiate of Gozag.
             Mangled by a sixfirhy (9 damage)
             ... on level 1 of the Abyss.
             The game lasted 00:26:58 (8688 turns).

letownia the Thaumaturge (Deep Dwarf Necromancer)   Turns: 8688, Time: 00:26:58

Health: -6/84      AC: 12    Str: 16    XL:     10   Next: 64%
Magic:  33/33      EV: 10    Int: 17    God:    Gozag
Gold:   1789       SH:  0    Dex: 13    Spells: 25/29 levels left

rFire    + . .     SeeInvis .   b - +8 hunting sling "Keicuf" {velocity, rPois rF+ rC+ Str+2}
rCold    + . .     Gourm    .   (no shield)
rNeg     . . .     Faith    .   t - +0 scale mail
rPois    +         Spirit   .   C - +1 helmet
rElec    .         Reflect  .   K - +0 cloak
rCorr    .         Harm     +   u - +0 pair of gloves
MR       +....                  D - +0 pair of boots
Stlth    +.........             Q - amulet of harm
Regen    0.0/turn               H - ring of flight
MPRegen  0.3/turn               O - ring of magical power

@: non-regenerating
A: damage resistance, heal wounds, sense surroundings 2, no regeneration
a: Heal Wounds, Potion Petition, Call Merchant, Bribe Branch, Renounce Religion,
Evoke Flight


You were on level 1 of the Abyss.
You worshipped Gozag.
Gozag was most pleased with you.
You were not hungry.

You visited 2 branches of the dungeon, and saw 10 of its levels.
You visited the Abyss 1 time.

You collected 1874 gold pieces.
You paid 85 gold pieces to Gozag.

Inventory:

Hand Weapons
 a - a +0 dagger of electrocution
 b - the +8 hunting sling "Keicuf" (weapon) {velocity, rPois rF+ rC+ Str+2}
   (You found it on level 4 of the Dungeon)

   Any stone fired from it inflicts extra damage.
   It affects your strength (+2).
   It protects you from fire.
   It protects you from cold.
   It protects you from poison.
 d - a +5 battleaxe of freezing
 J - a +0 battleaxe
 R - a +1 spear of venom
Missiles
 h - 19 sling bullets (quivered)
Armour
 t - a +0 scale mail (worn)
 u - a +0 pair of gloves (worn)
 C - a +1 helmet (worn)
 D - a +0 pair of boots (worn)
 K - a +0 cloak (worn)
 T - the +1 robe "Ocell" {rC+}
   (You found it on level 7 of the Dungeon)

   It protects you from cold.
Jewellery
 H - a ring of flight (left hand)
 O - a ring of magical power (right hand)
 P - an uncursed ring of fire
 Q - an amulet of harm (around neck)
 S - an uncursed ring of fire
Wands
 p - a wand of flame (29/48)
 E - a wand of iceblast (0/15)
 G - a wand of lightning (13/15)
 V - a wand of polymorph (14/24)
Scrolls
 l - a scroll of random uselessness
 r - 2 scrolls of recharging
 s - 5 scrolls of remove curse
 M - a scroll of enchant armour
Potions
 e - 3 potions of magic
 g - 2 potions of heal wounds
 i - a potion of ambrosia
 n - a potion of agility
 q - a potion of invisibility {unknown}
 x - a potion of berserk rage {unknown}
 z - a potion of curing
 A - a potion of brilliance {unknown}
 F - a potion of lignification {unknown}
 N - a potion of mutation {unknown}
Books
 m - a book of Necromancy

   Spells                             Type                      Level
   a - Pain                           Necromancy                   1
   b - Animate Skeleton               Necromancy                   1
   c - Vampiric Draining              Necromancy                   3
   d - Regeneration                   Charms/Necromancy            3
   e - Animate Dead                   Necromancy                   4
   f - Control Undead                 Necromancy                   4
Comestibles
 c - 7 bread rations
 o - 3 royal jellies
 B - 4 fruits
 U - a meat ration


   Skills:
 - Level 3.6 Fighting
 + Level 4.8 Axes
 - Level 4.1 Armour
 - Level 2.1 Dodging
 - Level 4.5 Stealth
 - Level 10.1 Spellcasting
 + Level 9.0 Necromancy
 - Level 3.1 Evocations


You had 25 spell levels left.
You knew the following spells:

 Your Spells              Type           Power        Failure   Level  Hunger
a - Pain                  Necr           ####         1%          1    None
v - Vampiric Draining     Necr           #####.....   1%          3    None


Dungeon Overview and Level Annotations

Branches:
Dungeon (9/15)             Temple (1/1) D:4
   Lair: D:8-11         Orc: D:9-12

Altars:
Ashenzari
Cheibriados
Dithmenos
Fedhas
Gozag
Nemelex Xobeh
Okawaru
Qazlal
Sif Muna
Trog
Uskayaw
Xom
Yredelemnul
Zin
The Shining One

Annotations:
D:5 mfyou's ghost, novice MiFi
D:9 Erolcha; Pikel


Innate Abilities, Weirdness & Mutations

You are resistant to damage.
You can heal yourself by infusing magical energy.
You passively map the area around you.
You do not regenerate.


Message History

Press: ? - help, Shift-Dir - straight line, f/p - sixfirhy
Aim: a sixfirhy You shoot a sling bullet.
The sling bullet barely misses the sixfirhy.
The sixfirhy hits you but does no damage.
The sixfirhy barely misses you.
Unknown command.
Firing (i - inventory):
h - 20 sling bullets (quivered)
Press: ? - help, Shift-Dir - straight line, f/p - sixfirhy
Aim: a sixfirhy You shoot a sling bullet.
The sling bullet barely misses the sixfirhy.
The sixfirhy hits you but does no damage. x2
The sixfirhy hits you. The sixfirhy shocks you!
* * * LOW HITPOINT WARNING * * *
The sixfirhy hits you!
* * * LOW HITPOINT WARNING * * *
The sixfirhy shocks you!
You die...
Your body crumbles into a pile of gold.

#.#.# ##. ... ..#
### ###.##......
#... ...####Z####
#########.##..##.
#
......(.(.........
##..(......... .
###..##..##.##.
#.###{3##..##.#
#....@.........
#.#...........
###..##..## # #..#
..# .# .... ...
..... ... ##..##
##. #.##


You could see a sixfirhy and an iron dragon skeleton.

Vanquished Creatures
  A two-headed ogre (D:6)
  An orange demon (Abyss:1)
  A smoke demon (Abyss:1)
  The ghost of Flubber the Stinger, a novice OpVM (D:4)
  An ancient zyme (Abyss:1)
  A troll (D:8)
  2 hippogriffs (D:8)
  A fire bat (Abyss:1)
  A chaos spawn (Abyss:1)
  2 orc warriors
  A black bear (D:7)
  3 ice beasts
  A sky beast (D:5)
  A black bear (shapeshifter) (Abyss:1)
  4 ogres
  A phantom (D:7)
  An eye of draining (D:8)
  3 centaurs
  A crocodile (D:8)
  A big kobold (D:7)
  2 bullfrogs
  5 scorpions
  5 wights (D:8)
  3 howler monkeys
  A centaur zombie (D:7)
  4 crimson imps
  2 bullfrog skeletons
  5 hounds
  A jelly (D:5)
  A centaur skeleton (D:7)
  10 orc priests
  8 orc wizards
  A gnoll shaman (D:6)
  3 iguanas
  2 worker ants
  A killer bee zombie (D:7)
  A hound skeleton (D:5)
  Robin (D:2)
  9 gnolls
  9 adders
  5 shadow imps
  An adder skeleton (D:9)
  An adder zombie (D:8)
  A dart slug (D:1)
  2 leopard geckos
  33 orcs
  5 giant cockroaches
  12 goblins
  9 hobgoblins
  9 jackals
  A quokka (D:8)
  2 ball pythons
  10 bats
  14 frilled lizards
  A jackal skeleton (D:8)
  2 jackal zombies
  11 kobolds
  A quokka zombie (D:6)
  6 rats
  A lurking horror (Abyss:1)
230 creatures vanquished.

Vanquished Creatures (others)
  A lurking horror (Abyss:1)
  3 starspawn tentacles (Abyss:1)
4 creatures vanquished.

Grand Total: 234 creatures vanquished

Notes
Turn   | Place    | Note
-------+----------+-------------------------------------------
     0 | D:1      | letownia the Deep Dwarf Necromancer began the quest for the Orb.
     0 | D:1      | Reached XP level 1. HP: 15/15 MP: 3/3
   256 | D:4      | Noticed Flubber's ghost (novice OpVM)
   257 | D:4      | Reached skill level 2 in Spellcasting
   259 | D:4      | Noticed an iguana
   284 | D:3      | Reached XP level 2. HP: 16/22 MP: 0/5
   565 | D:4      | Noticed an ogre
   582 | D:4      | Found a staircase to the Ecumenical Temple.
   625 | D:4      | Reached skill level 5 in Necromancy
   625 | D:4      | Reached XP level 3. HP: 14/28 MP: 1/6
   650 | D:4      | Learned a level 3 spell: Vampiric Draining
   822 | Temple   | Entered the Ecumenical Temple
   838 | D:4      | Reached skill level 3 in Spellcasting
   838 | D:4      | Reached XP level 4. HP: 33/36 MP: 0/8
   846 | D:4      | Got a crystal hunting sling
  1077 | D:4      | Reached XP level 5. HP: 18/42 MP: 1/10
  1484 | Temple   | Became a worshipper of Gozag Ym Sagoz the Greedy
  1655 | D:2      | Found a shattered altar of Ashenzari.
  2405 | D:1      | Reached XP level 6. HP: 16/49 MP: 5/11
  3068 | D:3      | Identified the +8 hunting sling "Keicuf" {velocity, rPois rF+ rC+ Str+2} (You found it on level 4 of the Dungeon)
  3122 | D:3      | Reached skill level 1 in Armour
  3296 | D:3      | Found a hide-covered altar of Uskayaw.
  3488 | D:2      | Noticed Robin
  3698 | D:2      | Killed Robin
  3848 | D:4      | Killed Flubber's ghost
  3848 | D:4      | Reached XP level 7. HP: 52/55 MP: 3/12
  4008 | D:5      | Entered Level 5 of the Dungeon
  4056 | D:5      | Found a blossoming altar of Fedhas.
  4079 | D:5      | Reached skill level 1 in Fighting
  4100 | D:5      | Found a basalt altar of Yredelemnul.
  4144 | D:5      | Reached skill level 4 in Spellcasting
  4162 | D:5      | Reached XP level 8. HP: 61/67 MP: 4/14
  4473 | D:5      | Noticed mfyou's ghost (novice MiFi)
  4521 | D:5      | Reached skill level 5 in Spellcasting
  4770 | D:5      | Found a shadowy altar of Dithmenos.
  5051 | D:6      | Reached skill level 6 in Spellcasting
  5235 | D:6      | Noticed a two-headed ogre
  5243 | D:6      | Killed a two-headed ogre
  5243 | D:6      | Reached skill level 7 in Spellcasting
  5243 | D:6      | Gained mutation: You passively map the area around you. [Deep Dwarf growth]
  5243 | D:6      | Reached XP level 9. HP: 56/73 MP: 6/20
  5257 | D:6      | Reached skill level 8 in Spellcasting
  5976 | D:7      | Found a hide-covered altar of Uskayaw.
  6093 | D:7      | Reached skill level 9 in Spellcasting
  6687 | D:8      | Reached skill level 10 in Spellcasting
  6853 | D:8      | Noticed a troll
  6857 | D:8      | Killed a troll
  6857 | D:8      | Reached skill level 1 in Evocations
  6857 | D:8      | Reached XP level 10. HP: 62/81 MP: 20/24
  6882 | D:8      | Reached skill level 1 in Axes
  6990 | D:8      | Found a sparkling altar of Nemelex Xobeh.
  7584 | D:8      | Found a basalt altar of Yredelemnul.
  7797 | D:7      | Got a ripped robe
  7854 | D:8      | Identified the +1 robe "Ocell" {rC+} (You found it on level 7 of the Dungeon)
  7957 | D:9      | Noticed Pikel
  8234 | D:9      | Noticed Erolcha
  8237 | D:9      | Cast into level 1 of the Abyss (Erolcha)
  8260 | Abyss:1  | Noticed a bone dragon
  8367 | Abyss:1  | Noticed a smoke demon
  8380 | Abyss:1  | Noticed a large abomination
  8381 | Abyss:1  | Noticed a starcursed mass
  8382 | Abyss:1  | Found a corrupted altar of Lugonu.
  8489 | Abyss:1  | Noticed a tentacled starspawn
  8582 | Abyss:1  | Noticed a smoke demon
  8589 | Abyss:1  | Killed a smoke demon
  8629 | Abyss:1  | Noticed an orange demon
  8638 | Abyss:1  | Killed an orange demon
  8678 | Abyss:1  | Noticed a sixfirhy
  8678 | Abyss:1  | Noticed a white draconian knight
  8688 | Abyss:1  | HP: 3/84 [sixfirhy (7)]
  8688 | Abyss:1  | Mangled by a sixfirhy

Skill      XL: |  1  2  3  4  5  6  7  8  9 10 |
---------------+-------------------------------+-----
Spellcasting   | 2 3 4 7 10 | 10.1
Necromancy     | 5 6 7 8 9 |  9.0
Armour         | 3 4 |  4.1
Fighting       | 2 3 |  3.6
Evocations     | 1 3 |  3.1
Axes           | 4 |  4.8
Stealth        | 4 |  4.5
Dodging        | |  2.1

Action                   |  1- 3 |  4- 6 |  7- 9 | 10-12 || total
-------------------------+-------+-------+-------+-------++-------
Melee: Spear             |     3 |    70 |       |       ||    73
 Fire: Hunting sling     |       |    23 |   249 |    92 ||   364
 Cast: Pain              |    27 |    87 |    34 |       ||   148
       Vampiric Draining |     4 |    26 |    21 |    29 ||    80
Evoke: Wand              |       |       |     1 |     2 ||     3
  Use: Scroll            |       |     2 |       |    17 ||    19
       Potion            |       |       |       |     3 ||     3
 Stab: Sleeping          |     1 |       |       |       ||     1
  Eat: Chunk             |       |     4 |       |       ||     4
       Royal jelly       |       |     4 |       |       ||     4
       Meat ration       |       |       |     2 |     1 ||     3
Armor: Robe              |     3 |       |       |       ||     3
       Leather armour    |     1 |    15 |       |       ||    16
       Scale mail        |       |    36 |    44 |    33 ||   113
Dodge: Dodged            |    16 |    54 |    62 |    34 ||   166
